Lightning vs Sabres

Created - February 4, 2024 at 13:46

Goals
1 2 3 T
Lightning 1 2 0 3
Sabres 0 0 2 2
Shots
1 2 3 T
Lightning 11 20 12 43
Sabres 6 5 13 24

GoalsPenalties
1st period
1. Lightning , Jeff Skinner 16 (Kevin Shattenkirk 20, Alex Killorn 14) at 16:50
Philippe Myers (BUF) for Roughing (Minor) at 3:08
Brenden Dillon (BUF) for Tripping (Minor) at 11:56
Radko Gudas (TBL) for Slashing (Minor) at 14:09
2nd period
2. Lightning , Brock Nelson 17 (Radko Gudas 6, Andrew Peeke 9) at 5:14
3. Lightning , Jeff Skinner 17 (Brock Nelson 17) at 5:47
Brenden Dillon (BUF) for Tripping (Minor) at 9:53
Arber Xhekaj (BUF) for Hooking (Minor) at 16:31
3rd period
4. Sabres , Jonathan Drouin 10 (Jesper Fast 10) at 0:11
5. Sabres , Jonathan Drouin 11 (Brian Dumoulin 26, Arber Xhekaj 4) at 1:58 (PP)
Brandon Montour (TBL) for Holding (Minor) at 0:42
Kaedan Korczak (BUF) for Holding (Minor) at 2:11
Alex Killorn (TBL) for Holding (Minor) at 9:00
Radko Gudas (TBL) for Tripping (Minor) at 11:24
Zach Sanford (BUF) for Hooking (Minor) at 17:24
Goalie Stats
Jacob Markstrom (TBL), 22 saves from 24 shots - (0.917), W, 23-11-5, 60:00 minutes
James Reimer (BUF), 40 saves from 43 shots - (0.930), L, 5-20-3, 60:00 minutes
3 StarsOfficial
1 - Jeff Skinner (TBL)
2 - Brock Nelson (TBL)
3 - Jonathan Drouin (BUF)
Referees : Kenny Anderson and Ryan Hersey
Linesman : Jake Davis and Travis Toomey
Game Note
Kevin Shattenkirk is injured at 19:52 of 1st period (Sprained Right Ankle)
Finance
Level 1 -- Attendance: 5706 (87.78%) -- Ticket Income $679,014
Level 2 -- Attendance: 3512 (70.24%) -- Ticket Income $347,688
Level 3 -- Attendance: 2866 (81.89%) -- Ticket Income $197,754
Level 4 -- Attendance: 2808 (91.47%) -- Ticket Income $137,592
Luxury Box -- Attendance: 1000 (100.00%) -- Ticket Income $209,000
Game was played at the Buffalo Pete Center.
Total Attendance: 15892 (83.34%)
Total Ticket Income: $1,571,048
Other Income: $392,762
Total Income: $1,963,810



Team Name Goals Shots Shots Attemp Shots Blocked PIM HIT PP PK FO%
Lightning 3438888150 / 6 (0%)154%
Sabres 224501112291 / 4 (25%)046%

Lightning
Player Name POS G A P +/- PIM HIT SHT SB MP PP MP PP SHT PK MP PK SHT FO% FOT
Alex KillornLW0113213119:136:3500:0800% 0
Andrew PeekeD0112000216:130:2001:4500% 0
Barclay GoodrowC000001007:530:0002:120100% 1
Ben ChiarotD0001041024:265:2204:0200% 0
Brandon MontourD000-1203227:056:5023:0100% 0
Brock NelsonC1123005019:306:3510:24055% 31
Dawson MercerC000000008:120:0002:120100% 2
Erik HaulaLW0000014010:260:0004:4500% 0
Jeff SkinnerLW2023006119:426:3540:0000% 0
John KlingbergD000-1012023:466:3223:5200% 0
Kevin ShattenkirkD011100007:461:3501:0000% 0
Patrice BergeronC000-1038022:085:1910:08060% 30
Radko GudasD0112402120:303:0910:3500% 0
Ryan StromeC000000106:000:0000:00067% 6
Teddy BluegerC0000010010:210:0004:40050% 18
Trevor MooreLW000000206:080:0000:0800% 1
Tyler ToffoliRW000-1023022:005:1900:00020% 5
William KarlssonC000-1013121:245:1930:0000% 2
Sabres
Player Name POS G A P +/- PIM HIT SHT SB MP PP MP PP SHT PK MP PK SHT FO% FOT
Arber XhekajD011-2252220:573:3005:0300% 0
Blake ColemanC0000014116:243:2600:03058% 19
Brenden DillonD0000411017:180:1710:3500% 0
Brett HowdenC000000108:080:0005:34050% 14
Brian DumoulinD011-2001021:423:3002:2000% 0
Corey PerryRW000000106:213:4710:000100% 1
Jake NeighboursLW000-2022016:023:2610:0000% 0
Jansen HarkinsC000-2001018:340:1706:17028% 25
Jesper FastRW0110061018:320:0005:44067% 3
Jonathan DrouinLW2020002117:353:3011:1700% 1
Juraj SlafkovskyLW0000002016:573:2600:0000% 1
Kaedan KorczakD0000251317:430:1705:2700% 0
Mason AppletonC0000010012:550:0000:0000% 2
Mason McTavishC0000003016:543:3010:00053% 30
Milan LucicLW000001002:510:1700:0000% 0
Philippe MyersD0000211120:543:2614:2800% 0
Victor SoderstromD0000021321:213:2615:5500% 0
Zach SanfordLW000-2240016:520:0004:5300% 0



Play-by-Play

1st period


0:01 of 1st period - Mason McTavish wins face-off versus Patrice Bergeron in neutral zone.
0:28 of 1st period - Icing by Jesper Fast.
0:29 of 1st period - Jesper Fast wins face-off versus Brock Nelson in Sabres zone.
0:33 of 1st period - Off-side.
0:34 of 1st period - Ryan Strome wins face-off versus Blake Coleman in neutral zone.
0:48 of 1st period - Icing by Philippe Myers.
0:49 of 1st period - Brock Nelson wins face-off versus Blake Coleman in Sabres zone.
1:58 of 1st period - Shot by Teddy Blueger.
1:58 of 1st period - Deflect By Erik Haula.
1:58 of 1st period - Stopped by James Reimer without a rebound.
1:59 of 1st period - Patrice Bergeron wins face-off versus Brett Howden in Sabres zone.
3:00 of 1st period - Off-side.
3:01 of 1st period - Mason McTavish wins face-off versus Teddy Blueger in neutral zone.
3:01 of 1st period - Brenden Dillon is hit by Teddy Blueger and loses puck.
3:06 of 1st period - Jesper Fast is hit by Erik Haula and loses puck.
3:08 of 1st period - Minor Penalty to Philippe Myers for Roughing.
3:09 of 1st period - Brock Nelson wins face-off versus Jansen Harkins in Sabres zone.
3:19 of 1st period - Alex Killorn is hit by Arber Xhekaj and loses puck.
3:22 of 1st period - Shot by Brock Nelson.
3:22 of 1st period - Shot Misses the Net.
3:24 of 1st period - Shot by Jeff Skinner.
3:24 of 1st period - Shot Blocked by Arber Xhekaj.
3:26 of 1st period - Shot by Brandon Montour.
3:26 of 1st period - Shot Misses the Net.
3:28 of 1st period - Shot by John Klingberg.
3:28 of 1st period - Shot Blocked by Kaedan Korczak.
4:51 of 1st period - Icing by Brock Nelson.
4:52 of 1st period - Brock Nelson wins face-off versus Brett Howden in Lightning zone.
4:52 of 1st period - Brock Nelson is hit by Jesper Fast.
4:55 of 1st period - Alex Killorn is hit by Jesper Fast and loses puck.
5:02 of 1st period - Shot by John Klingberg.
5:02 of 1st period - Stopped by James Reimer without a rebound.
5:03 of 1st period - Patrice Bergeron wins face-off versus Jansen Harkins in Sabres zone.
5:20 of 1st period - Shot by Dawson Mercer.
5:20 of 1st period - Deflect By Ryan Strome.
5:20 of 1st period - Stopped by James Reimer without a rebound.
5:21 of 1st period - Mason McTavish wins face-off versus Teddy Blueger in Sabres zone.
5:21 of 1st period - Mason McTavish is hit by Barclay Goodrow.
6:26 of 1st period - Shot by Tyler Toffoli.
6:26 of 1st period - Stopped by James Reimer without a rebound.
6:27 of 1st period - Brock Nelson wins face-off versus Jansen Harkins in Sabres zone.
6:32 of 1st period - Shot by Alex Killorn.
6:32 of 1st period - Shot Misses the Net.
7:17 of 1st period - Icing by Andrew Peeke.
7:18 of 1st period - Blake Coleman wins face-off versus Brock Nelson in Lightning zone.
7:56 of 1st period - Shot by Juraj Slafkovsky.
7:56 of 1st period - Shot Misses the Net.
8:09 of 1st period - Icing by Radko Gudas.
8:10 of 1st period - Brock Nelson wins face-off versus Mason McTavish in Lightning zone.
8:28 of 1st period - Shot by Jesper Fast.
8:28 of 1st period - Shot Blocked by Brandon Montour.
8:49 of 1st period - Tyler Toffoli is hit by Victor Soderstrom and loses puck.
8:57 of 1st period - William Karlsson is hit by Kaedan Korczak.
9:45 of 1st period - Shot by Trevor Moore.
9:45 of 1st period - Stopped by James Reimer without a rebound.
9:46 of 1st period - Teddy Blueger wins face-off versus Juraj Slafkovsky in Sabres zone.
10:20 of 1st period - Icing by Philippe Myers.
10:21 of 1st period - Blake Coleman wins face-off versus Patrice Bergeron in Sabres zone.
10:21 of 1st period - Philippe Myers is hit by Tyler Toffoli and loses puck.
11:30 of 1st period - Shot by Arber Xhekaj.
11:30 of 1st period - Stopped by Jacob Markstrom with a rebound.
11:32 of 1st period - Shot by Arber Xhekaj.
11:32 of 1st period - Stopped by Jacob Markstrom without a rebound.
11:33 of 1st period - Brock Nelson wins face-off versus Mason McTavish in Lightning zone.
11:42 of 1st period - Shot by Brock Nelson.
11:42 of 1st period - Shot Misses the Net.
11:44 of 1st period - Shot by Alex Killorn.
11:44 of 1st period - Stopped by James Reimer without a rebound.
11:45 of 1st period - Corey Perry wins face-off versus Trevor Moore in Sabres zone.
11:51 of 1st period - Icing by Brandon Montour.
11:52 of 1st period - Ryan Strome wins face-off versus Mason Appleton in Lightning zone.
11:56 of 1st period - Minor Penalty to Brenden Dillon for Tripping.
11:57 of 1st period - Jansen Harkins wins face-off versus Brock Nelson in Sabres zone.
12:18 of 1st period - Shot by Brock Nelson.
12:18 of 1st period - Shot Blocked by Kaedan Korczak.
12:20 of 1st period - Shot by Jeff Skinner.
12:20 of 1st period - Stopped by James Reimer without a rebound.
12:21 of 1st period - Patrice Bergeron wins face-off versus Brett Howden in Sabres zone.
12:24 of 1st period - Shot by William Karlsson.
12:24 of 1st period - Shot Misses the Net.
12:26 of 1st period - Shot by Ben Chiarot.
12:26 of 1st period - Shot Misses the Net.
12:28 of 1st period - Shot by William Karlsson.
12:28 of 1st period - Shot Blocked by Philippe Myers.
12:30 of 1st period - Shot by Kevin Shattenkirk.
12:30 of 1st period - Shot Hit the Post.
12:32 of 1st period - Shot by William Karlsson.
12:32 of 1st period - Stopped by James Reimer with a rebound.
12:44 of 1st period - Shot by Patrice Bergeron.
12:44 of 1st period - Shot Misses the Net.
12:46 of 1st period - Shot by Patrice Bergeron.
12:46 of 1st period - Stopped by James Reimer without a rebound.
12:47 of 1st period - Brock Nelson wins face-off versus Jansen Harkins in Sabres zone.
13:37 of 1st period - Off-side.
13:38 of 1st period - Patrice Bergeron wins face-off versus Brett Howden in neutral zone.
14:09 of 1st period - Minor Penalty to Radko Gudas for Slashing.
14:10 of 1st period - Teddy Blueger wins face-off versus Jonathan Drouin in Lightning zone.
14:51 of 1st period - Shot by Jonathan Drouin.
14:51 of 1st period - Shot Misses the Net.
14:53 of 1st period - Shot by Mason McTavish.
14:53 of 1st period - Stopped by Jacob Markstrom without a rebound.
14:54 of 1st period - Barclay Goodrow wins face-off versus Blake Coleman in Lightning zone.
15:09 of 1st period - Shot by Blake Coleman.
15:09 of 1st period - Shot Misses the Net.
15:11 of 1st period - Shot by Victor Soderstrom.
15:11 of 1st period - Stopped by Jacob Markstrom without a rebound.
15:12 of 1st period - Blake Coleman wins face-off versus Teddy Blueger in Lightning zone.
16:29 of 1st period - Shot by Brenden Dillon.
16:29 of 1st period - Shot Blocked by William Karlsson.
16:31 of 1st period - Shot by Brian Dumoulin.
16:31 of 1st period - Stopped by Jacob Markstrom without a rebound.
16:32 of 1st period - Brock Nelson wins face-off versus Mason McTavish in Lightning zone.
16:32 of 1st period - Brock Nelson is hit by Jesper Fast.
16:50 of 1st period - Shot by Jeff Skinner.
16:50 of 1st period - Goal by Jeff Skinner - Lightning : 1 - Sabres : 0.
16:51 of 1st period - Brett Howden wins face-off versus William Karlsson in neutral zone.
16:51 of 1st period - Victor Soderstrom is hit by Patrice Bergeron.
17:19 of 1st period - Shot by Patrice Bergeron.
17:19 of 1st period - Deflect By Tyler Toffoli.
17:19 of 1st period - Stopped by James Reimer without a rebound.
17:20 of 1st period - Brock Nelson wins face-off versus Jansen Harkins in Sabres zone.
17:32 of 1st period - Ben Chiarot is hit by Zach Sanford and loses puck.
17:37 of 1st period - Ben Chiarot is hit by Zach Sanford and loses puck.
17:50 of 1st period - Shot by Jansen Harkins.
17:50 of 1st period - Shot Misses the Net.
17:52 of 1st period - Shot by Jake Neighbours.
17:52 of 1st period - Stopped by Jacob Markstrom without a rebound.
17:53 of 1st period - Patrice Bergeron wins face-off versus Blake Coleman in Lightning zone.
18:30 of 1st period - Icing by Arber Xhekaj.
18:31 of 1st period - Blake Coleman wins face-off versus Brock Nelson in Sabres zone.
18:31 of 1st period - Blake Coleman is hit by Ben Chiarot.
18:44 of 1st period - Arber Xhekaj is hit by Ben Chiarot and loses puck.
19:07 of 1st period - Shot by Jansen Harkins.
19:07 of 1st period - Shot Misses the Net.
19:22 of 1st period - Jansen Harkins is hit by Ben Chiarot.
19:51 of 1st period - Kevin Shattenkirk is hit by Kaedan Korczak and loses puck.
19:52 of 1st period - Kevin Shattenkirk from Lightning is injured at 19:52 of 1st period (Sprained Right Ankle).
19:53 of 1st period - Mason McTavish wins face-off versus Patrice Bergeron in Sabres zone.
19:57 of 1st period - Off-side.
19:58 of 1st period - Mason McTavish wins face-off versus Patrice Bergeron in neutral zone.
19:58 of 1st period - Jonathan Drouin is hit by Patrice Bergeron.
Goals for this period are 1 for Lightning vs 0 for Sabres.
Shots for this period are 11 for Lightning vs 6 for Sabres.

2nd period


0:01 of 2nd period - Mason McTavish wins face-off versus William Karlsson in neutral zone.
1:30 of 2nd period - Ben Chiarot is hit by Zach Sanford and loses puck.
2:19 of 2nd period - Shot by Brock Nelson.
2:19 of 2nd period - Stopped by James Reimer with a rebound.
2:21 of 2nd period - Shot by Brandon Montour.
2:21 of 2nd period - Stopped by James Reimer with a rebound.
2:25 of 2nd period - Shot by Brock Nelson.
2:25 of 2nd period - Shot Misses the Net.
3:11 of 2nd period - Shot by William Karlsson.
3:11 of 2nd period - Shot Blocked by Blake Coleman.
3:13 of 2nd period - Shot by Patrice Bergeron.
3:13 of 2nd period - Deflect By William Karlsson.
3:13 of 2nd period - Shot Misses the Net.
3:15 of 2nd period - Shot by John Klingberg.
3:15 of 2nd period - Shot Misses the Net.
3:42 of 2nd period - Shot by Tyler Toffoli.
3:42 of 2nd period - Shot Misses the Net.
3:44 of 2nd period - Shot by Patrice Bergeron.
3:44 of 2nd period - Stopped by James Reimer without a rebound.
3:45 of 2nd period - Mason McTavish wins face-off versus Ryan Strome in Sabres zone.
3:57 of 2nd period - Icing by Ben Chiarot.
3:58 of 2nd period - Jansen Harkins wins face-off versus Ryan Strome in Lightning zone.
4:02 of 2nd period - Icing by Ben Chiarot.
4:03 of 2nd period - Dawson Mercer wins face-off versus Mason McTavish in Lightning zone.
4:03 of 2nd period - Dawson Mercer is hit by Kaedan Korczak.
4:33 of 2nd period - Shot by Trevor Moore.
4:33 of 2nd period - Shot Misses the Net.
4:46 of 2nd period - Jesper Fast is hit by Tyler Toffoli and loses puck.
4:51 of 2nd period - Jonathan Drouin is hit by Patrice Bergeron and loses puck.
4:56 of 2nd period - Shot by Patrice Bergeron.
4:56 of 2nd period - Stopped by James Reimer without a rebound.
4:57 of 2nd period - Brock Nelson wins face-off versus Jansen Harkins in Sabres zone.
5:14 of 2nd period - Shot by Brock Nelson.
5:14 of 2nd period - Goal by Brock Nelson - Lightning : 2 - Sabres : 0.
5:15 of 2nd period - Patrice Bergeron wins face-off versus Brett Howden in neutral zone.
5:44 of 2nd period - Shot by Patrice Bergeron.
5:44 of 2nd period - Stopped by James Reimer without a rebound.
5:45 of 2nd period - Brock Nelson wins face-off versus Jansen Harkins in Sabres zone.
5:45 of 2nd period - Brock Nelson is hit by Kaedan Korczak.
5:47 of 2nd period - Shot by Jeff Skinner.
5:47 of 2nd period - Goal by Jeff Skinner - Lightning : 3 - Sabres : 0.
5:48 of 2nd period - Jansen Harkins wins face-off versus Brock Nelson in neutral zone.
5:53 of 2nd period - Shot by Zach Sanford.
5:53 of 2nd period - Shot Blocked by Andrew Peeke.
5:55 of 2nd period - Shot by Jansen Harkins.
5:55 of 2nd period - Shot Blocked by Radko Gudas.
6:09 of 2nd period - Jake Neighbours is hit by Alex Killorn and loses puck.
6:41 of 2nd period - Icing by Radko Gudas.
6:42 of 2nd period - Mason McTavish wins face-off versus Brock Nelson in Lightning zone.
7:01 of 2nd period - Shot by Jonathan Drouin.
7:01 of 2nd period - Deflect By Jesper Fast.
7:01 of 2nd period - Stopped by Jacob Markstrom without a rebound.
7:02 of 2nd period - Blake Coleman wins face-off versus Patrice Bergeron in Lightning zone.
7:38 of 2nd period - Icing by John Klingberg.
7:39 of 2nd period - Jesper Fast wins face-off versus Patrice Bergeron in Lightning zone.
7:50 of 2nd period - Jonathan Drouin is hit by William Karlsson.
8:15 of 2nd period - Icing by Brian Dumoulin.
8:16 of 2nd period - Ryan Strome wins face-off versus Mason McTavish in Sabres zone.
8:20 of 2nd period - Icing by Brian Dumoulin.
8:21 of 2nd period - Mason McTavish wins face-off versus Teddy Blueger in Sabres zone.
8:37 of 2nd period - Shot by Erik Haula.
8:37 of 2nd period - Stopped by James Reimer without a rebound.
8:38 of 2nd period - Brock Nelson wins face-off versus Jansen Harkins in Sabres zone.
9:01 of 2nd period - Shot by Brock Nelson.
9:01 of 2nd period - Shot Misses the Net.
9:03 of 2nd period - Shot by Alex Killorn.
9:03 of 2nd period - Shot Misses the Net.
9:05 of 2nd period - Shot by Alex Killorn.
9:05 of 2nd period - Stopped by James Reimer without a rebound.
9:06 of 2nd period - Patrice Bergeron wins face-off versus Blake Coleman in Sabres zone.
9:15 of 2nd period - Shot by Patrice Bergeron.
9:15 of 2nd period - Stopped by James Reimer without a rebound.
9:16 of 2nd period - Patrice Bergeron wins face-off versus Mason McTavish in Sabres zone.
9:16 of 2nd period - Patrice Bergeron is hit by Brenden Dillon.
9:46 of 2nd period - Shot by Patrice Bergeron.
9:46 of 2nd period - Shot Misses the Net.
9:48 of 2nd period - Shot by Patrice Bergeron.
9:48 of 2nd period - Shot Misses the Net.
9:50 of 2nd period - Shot by Radko Gudas.
9:50 of 2nd period - Stopped by James Reimer with a rebound.
9:53 of 2nd period - Minor Penalty to Brenden Dillon for Tripping.
9:54 of 2nd period - Jansen Harkins wins face-off versus Brock Nelson in Sabres zone.
11:06 of 2nd period - Shot by Tyler Toffoli.
11:06 of 2nd period - Shot Misses the Net.
11:12 of 2nd period - Ben Chiarot is hit by Jesper Fast and loses puck.
11:25 of 2nd period - Shot by Radko Gudas.
11:25 of 2nd period - Shot Blocked by Arber Xhekaj.
11:49 of 2nd period - Shot by John Klingberg.
11:49 of 2nd period - Stopped by James Reimer with a rebound.
11:51 of 2nd period - Shot by Brandon Montour.
11:51 of 2nd period - Shot Misses the Net.
11:55 of 2nd period - Shot by Brock Nelson.
11:55 of 2nd period - Shot Misses the Net.
11:58 of 2nd period - Icing by Brian Dumoulin.
11:59 of 2nd period - Ryan Strome wins face-off versus Mason Appleton in Sabres zone.
12:00 of 2nd period - Shot by Brandon Montour.
12:00 of 2nd period - Shot Misses the Net.
12:20 of 2nd period - Shot by Mason Appleton.
12:20 of 2nd period - Shot Misses the Net.
12:22 of 2nd period - Shot by Brian Dumoulin.
12:22 of 2nd period - Deflect By Blake Coleman.
12:22 of 2nd period - Stopped by Jacob Markstrom with a rebound.
12:24 of 2nd period - Shot by Brenden Dillon.
12:24 of 2nd period - Shot Misses the Net.
12:32 of 2nd period - Shot by Mason Appleton.
12:32 of 2nd period - Deflect By Juraj Slafkovsky.
12:32 of 2nd period - Shot Blocked by Brandon Montour.
12:36 of 2nd period - Shot by Blake Coleman.
12:36 of 2nd period - Stopped by Jacob Markstrom without a rebound.
12:37 of 2nd period - Jansen Harkins wins face-off versus Brock Nelson in Lightning zone.
13:13 of 2nd period - Icing by Kaedan Korczak.
13:14 of 2nd period - Patrice Bergeron wins face-off versus Jansen Harkins in Sabres zone.
13:28 of 2nd period - William Karlsson is hit by Victor Soderstrom and loses puck.
13:38 of 2nd period - Off-side.
13:39 of 2nd period - Mason McTavish wins face-off versus Teddy Blueger in neutral zone.
13:42 of 2nd period - Shot by Mason McTavish.
13:42 of 2nd period - Stopped by Jacob Markstrom without a rebound.
13:43 of 2nd period - Mason McTavish wins face-off versus Teddy Blueger in Lightning zone.
14:02 of 2nd period - Shot by Mason McTavish.
14:02 of 2nd period - Stopped by Jacob Markstrom without a rebound.
14:03 of 2nd period - Blake Coleman wins face-off versus Patrice Bergeron in Lightning zone.
14:03 of 2nd period - Brenden Dillon is hit by John Klingberg and loses puck.
14:26 of 2nd period - Shot by Patrice Bergeron.
14:26 of 2nd period - Shot Misses the Net.
14:28 of 2nd period - Shot by Tyler Toffoli.
14:28 of 2nd period - Shot Misses the Net.
14:46 of 2nd period - Shot by Mason Appleton.
14:46 of 2nd period - Shot Misses the Net.
16:18 of 2nd period - Barclay Goodrow is hit by Arber Xhekaj.
16:28 of 2nd period - Shot by Erik Haula.
16:28 of 2nd period - Stopped by James Reimer with a rebound.
16:30 of 2nd period - Shot by Barclay Goodrow.
16:30 of 2nd period - Shot Misses the Net.
16:31 of 2nd period - Minor Penalty to Arber Xhekaj for Hooking.
16:32 of 2nd period - Patrice Bergeron wins face-off versus Brett Howden in Sabres zone.
16:49 of 2nd period - Shot by Brandon Montour.
16:49 of 2nd period - Deflect By William Karlsson.
16:49 of 2nd period - Stopped by James Reimer without a rebound.
16:50 of 2nd period - Brett Howden wins face-off versus Brock Nelson in Sabres zone.
16:59 of 2nd period - Shot by Jeff Skinner.
16:59 of 2nd period - Stopped by James Reimer with a rebound.
17:01 of 2nd period - Shot by Ben Chiarot.
17:01 of 2nd period - Shot Blocked by Kaedan Korczak.
17:03 of 2nd period - Shot by Radko Gudas.
17:03 of 2nd period - Stopped by James Reimer without a rebound.
17:04 of 2nd period - Patrice Bergeron wins face-off versus Brett Howden in Sabres zone.
17:05 of 2nd period - Shot by Brandon Montour.
17:05 of 2nd period - Stopped by James Reimer without a rebound.
17:06 of 2nd period - Brett Howden wins face-off versus Tyler Toffoli in Sabres zone.
18:20 of 2nd period - Shot by Alex Killorn.
18:20 of 2nd period - Shot Misses the Net.
18:30 of 2nd period - Shot by Jeff Skinner.
18:30 of 2nd period - Stopped by James Reimer with a rebound.
19:01 of 2nd period - Shot by Trevor Moore.
19:01 of 2nd period - Stopped by James Reimer without a rebound.
19:02 of 2nd period - Teddy Blueger wins face-off versus Mason McTavish in Sabres zone.
19:03 of 2nd period - Shot by Erik Haula.
19:03 of 2nd period - Shot Misses the Net.
19:24 of 2nd period - Shot by Erik Haula.
19:24 of 2nd period - Stopped by James Reimer without a rebound.
19:25 of 2nd period - Jansen Harkins wins face-off versus Patrice Bergeron in Sabres zone.
19:32 of 2nd period - Shot by Jake Neighbours.
19:32 of 2nd period - Shot Misses the Net.
Goals for this period are 2 for Lightning vs 0 for Sabres.
Shots for this period are 20 for Lightning vs 5 for Sabres.

3rd period


0:01 of 3rd period - Tyler Toffoli wins face-off versus Mason McTavish in neutral zone.
0:11 of 3rd period - Shot by Jonathan Drouin.
0:11 of 3rd period - Goal by Jonathan Drouin - Lightning : 3 - Sabres : 1.
0:12 of 3rd period - Brock Nelson wins face-off versus Jansen Harkins in neutral zone.
0:14 of 3rd period - John Klingberg is hit by Arber Xhekaj and loses puck.
0:25 of 3rd period - Shot by Brock Nelson.
0:25 of 3rd period - Stopped by James Reimer without a rebound.
0:26 of 3rd period - Patrice Bergeron wins face-off versus Mason McTavish in Sabres zone.
0:26 of 3rd period - Patrice Bergeron is hit by Kaedan Korczak.
0:37 of 3rd period - Icing by Jonathan Drouin.
0:38 of 3rd period - Mason McTavish wins face-off versus Brock Nelson in Sabres zone.
0:42 of 3rd period - Minor Penalty to Brandon Montour for Holding.
0:43 of 3rd period - Mason McTavish wins face-off versus Teddy Blueger in Lightning zone.
1:15 of 3rd period - Shot by Arber Xhekaj.
1:15 of 3rd period - Shot Misses the Net.
1:17 of 3rd period - Shot by Arber Xhekaj.
1:17 of 3rd period - Shot Misses the Net.
1:19 of 3rd period - Shot by Mason McTavish.
1:19 of 3rd period - Shot Misses the Net.
1:21 of 3rd period - Shot by Brian Dumoulin.
1:21 of 3rd period - Deflect By Corey Perry.
1:21 of 3rd period - Stopped by Jacob Markstrom without a rebound.
1:22 of 3rd period - Blake Coleman wins face-off versus Teddy Blueger in Lightning zone.
1:23 of 3rd period - Shot by Jake Neighbours.
1:23 of 3rd period - Stopped by Jacob Markstrom without a rebound.
1:24 of 3rd period - Teddy Blueger wins face-off versus Blake Coleman in Lightning zone.
1:24 of 3rd period - Teddy Blueger is hit by Jake Neighbours.
1:42 of 3rd period - Shot by Philippe Myers.
1:42 of 3rd period - Stopped by Jacob Markstrom without a rebound.
1:43 of 3rd period - Teddy Blueger wins face-off versus Mason McTavish in Lightning zone.
1:58 of 3rd period - Shot by Jonathan Drouin.
1:58 of 3rd period - Goal by Jonathan Drouin - Lightning : 3 - Sabres : 2.
1:59 of 3rd period - Patrice Bergeron wins face-off versus Jansen Harkins in neutral zone.
2:11 of 3rd period - Minor Penalty to Kaedan Korczak for Holding.
2:12 of 3rd period - Brett Howden wins face-off versus Brock Nelson in Sabres zone.
2:20 of 3rd period - Off-side.
2:21 of 3rd period - Patrice Bergeron wins face-off versus Jansen Harkins in neutral zone.
2:30 of 3rd period - Shot by William Karlsson.
2:30 of 3rd period - Shot Misses the Net.
2:43 of 3rd period - Tyler Toffoli is hit by Arber Xhekaj and loses puck.
4:03 of 3rd period - Brandon Montour is hit by Zach Sanford.
5:01 of 3rd period - Teddy Blueger is hit by Mason Appleton.
5:06 of 3rd period - Brandon Montour is hit by Philippe Myers and loses puck.
5:23 of 3rd period - Shot by Mason McTavish.
5:23 of 3rd period - Shot Misses the Net.
5:25 of 3rd period - Shot by Kaedan Korczak.
5:25 of 3rd period - Stopped by Jacob Markstrom without a rebound.
5:26 of 3rd period - Brett Howden wins face-off versus Tyler Toffoli in Lightning zone.
5:31 of 3rd period - Shot by Brett Howden.
5:31 of 3rd period - Stopped by Jacob Markstrom without a rebound.
5:32 of 3rd period - Patrice Bergeron wins face-off versus Jesper Fast in Lightning zone.
5:32 of 3rd period - Patrice Bergeron is hit by Jesper Fast.
6:02 of 3rd period - Shot by William Karlsson.
6:02 of 3rd period - Shot Misses the Net.
6:04 of 3rd period - Shot by Patrice Bergeron.
6:04 of 3rd period - Stopped by James Reimer without a rebound.
6:05 of 3rd period - Brock Nelson wins face-off versus Jansen Harkins in Sabres zone.
6:08 of 3rd period - Shot by Alex Killorn.
6:08 of 3rd period - Stopped by James Reimer with a rebound.
6:39 of 3rd period - Shot by Kaedan Korczak.
6:39 of 3rd period - Shot Blocked by Alex Killorn.
7:05 of 3rd period - Shot by Blake Coleman.
7:05 of 3rd period - Stopped by Jacob Markstrom without a rebound.
7:06 of 3rd period - Patrice Bergeron wins face-off versus Mason McTavish in Lightning zone.
7:06 of 3rd period - Patrice Bergeron is hit by Jesper Fast.
7:16 of 3rd period - Shot by Patrice Bergeron.
7:16 of 3rd period - Stopped by James Reimer without a rebound.
7:17 of 3rd period - Dawson Mercer wins face-off versus Blake Coleman in Sabres zone.
7:44 of 3rd period - Shot by Ben Chiarot.
7:44 of 3rd period - Stopped by James Reimer without a rebound.
7:45 of 3rd period - Mason McTavish wins face-off versus Patrice Bergeron in Sabres zone.
7:58 of 3rd period - Shot by Brian Dumoulin.
7:58 of 3rd period - Shot Misses the Net.
9:00 of 3rd period - Minor Penalty to Alex Killorn for Holding.
9:01 of 3rd period - Teddy Blueger wins face-off versus Blake Coleman in Lightning zone.
9:01 of 3rd period - Teddy Blueger is hit by Blake Coleman.
10:40 of 3rd period - Off-side.
10:41 of 3rd period - Teddy Blueger wins face-off versus Jansen Harkins in neutral zone.
10:50 of 3rd period - Barclay Goodrow is hit by Milan Lucic and loses puck.
10:55 of 3rd period - Shot by Corey Perry.
10:55 of 3rd period - Shot Misses the Net.
10:57 of 3rd period - Shot by Brenden Dillon.
10:57 of 3rd period - Stopped by Jacob Markstrom without a rebound.
10:58 of 3rd period - Mason McTavish wins face-off versus Teddy Blueger in Lightning zone.
11:09 of 3rd period - Shot by Tyler Toffoli.
11:09 of 3rd period - Shot Misses the Net.
11:11 of 3rd period - Shot by Tyler Toffoli.
11:11 of 3rd period - Stopped by James Reimer without a rebound.
11:12 of 3rd period - Brock Nelson wins face-off versus Jansen Harkins in Sabres zone.
11:24 of 3rd period - Minor Penalty to Radko Gudas for Tripping.
11:25 of 3rd period - Teddy Blueger wins face-off versus Mason McTavish in Lightning zone.
11:38 of 3rd period - Shot by Corey Perry.
11:38 of 3rd period - Shot Misses the Net.
13:27 of 3rd period - Shot by Jansen Harkins.
13:27 of 3rd period - Stopped by Jacob Markstrom without a rebound.
13:28 of 3rd period - Jansen Harkins wins face-off versus Patrice Bergeron in Lightning zone.
13:40 of 3rd period - Icing by Ben Chiarot.
13:41 of 3rd period - Blake Coleman wins face-off versus Tyler Toffoli in Lightning zone.
13:48 of 3rd period - Shot by Blake Coleman.
13:48 of 3rd period - Deflect By Juraj Slafkovsky.
13:48 of 3rd period - Stopped by Jacob Markstrom without a rebound.
13:49 of 3rd period - Blake Coleman wins face-off versus Brock Nelson in Lightning zone.
14:10 of 3rd period - Shot by Blake Coleman.
14:10 of 3rd period - Shot Misses the Net.
14:12 of 3rd period - Shot by Juraj Slafkovsky.
14:12 of 3rd period - Shot Blocked by Jeff Skinner.
14:14 of 3rd period - Shot by Blake Coleman.
14:14 of 3rd period - Stopped by Jacob Markstrom without a rebound.
14:15 of 3rd period - Mason McTavish wins face-off versus Patrice Bergeron in Lightning zone.
14:16 of 3rd period - Shot by Jesper Fast.
14:16 of 3rd period - Shot Misses the Net.
14:34 of 3rd period - Shot by Tyler Toffoli.
14:34 of 3rd period - Shot Misses the Net.
14:36 of 3rd period - Shot by Tyler Toffoli.
14:36 of 3rd period - Shot Misses the Net.
15:12 of 3rd period - William Karlsson is hit by Jake Neighbours and loses puck.
15:24 of 3rd period - Andrew Peeke is hit by Arber Xhekaj and loses puck.
15:44 of 3rd period - Shot by Jansen Harkins.
15:44 of 3rd period - Shot Blocked by Andrew Peeke.
15:57 of 3rd period - Icing by Andrew Peeke.
15:58 of 3rd period - Blake Coleman wins face-off versus Patrice Bergeron in Lightning zone.
16:05 of 3rd period - Shot by Juraj Slafkovsky.
16:05 of 3rd period - Stopped by Jacob Markstrom without a rebound.
16:06 of 3rd period - Blake Coleman wins face-off versus Brock Nelson in Lightning zone.
16:27 of 3rd period - Shot by Brock Nelson.
16:27 of 3rd period - Shot Blocked by Victor Soderstrom.
16:29 of 3rd period - Shot by Brock Nelson.
16:29 of 3rd period - Stopped by James Reimer without a rebound.
16:30 of 3rd period - Teddy Blueger wins face-off versus Mason McTavish in Sabres zone.
17:12 of 3rd period - Mason McTavish is hit by Ben Chiarot and loses puck.
17:24 of 3rd period - Minor Penalty to Zach Sanford for Hooking.
17:25 of 3rd period - Brock Nelson wins face-off versus Jansen Harkins in Sabres zone.
17:34 of 3rd period - Shot by Alex Killorn.
17:34 of 3rd period - Shot Blocked by Victor Soderstrom.
17:36 of 3rd period - Shot by Alex Killorn.
17:36 of 3rd period - Shot Blocked by Victor Soderstrom.
17:40 of 3rd period - Shot by Brock Nelson.
17:40 of 3rd period - Shot Blocked by Jonathan Drouin.
17:44 of 3rd period - Shot by Brock Nelson.
17:44 of 3rd period - Stopped by James Reimer without a rebound.
17:45 of 3rd period - Brock Nelson wins face-off versus Jansen Harkins in Sabres zone.
17:58 of 3rd period - Shot by Brandon Montour.
17:58 of 3rd period - Shot Misses the Net.
18:00 of 3rd period - Shot by John Klingberg.
18:00 of 3rd period - Shot Misses the Net.
18:02 of 3rd period - Shot by Brandon Montour.
18:02 of 3rd period - Stopped by James Reimer without a rebound.
18:03 of 3rd period - Patrice Bergeron wins face-off versus Jansen Harkins in Sabres zone.
18:26 of 3rd period - Shot by Tyler Toffoli.
18:26 of 3rd period - Deflect By William Karlsson.
18:26 of 3rd period - Stopped by James Reimer without a rebound.
18:27 of 3rd period - Brett Howden wins face-off versus Brock Nelson in Sabres zone.
19:04 of 3rd period - Shot by Alex Killorn.
19:04 of 3rd period - Shot Misses the Net.
19:06 of 3rd period - Shot by Jeff Skinner.
19:06 of 3rd period - Stopped by James Reimer without a rebound.
19:07 of 3rd period - Brett Howden wins face-off versus Tyler Toffoli in Sabres zone.
19:30 of 3rd period - Shot by Jeff Skinner.
19:30 of 3rd period - Deflect By Patrice Bergeron.
19:30 of 3rd period - Stopped by James Reimer without a rebound.
19:31 of 3rd period - Patrice Bergeron wins face-off versus Mason McTavish in Sabres zone.
Goals for this period are 0 for Lightning vs 2 for Sabres.
Shots for this period are 12 for Lightning vs 13 for Sabres.